[Event "Early-Titled-Tuesday-Blitz-February-06-2024"]
[Site "Chess.com"]
[Date "2024.02.06"]
[Round "11"]
[White "banhgiahuy2606"]
[Black "Shushik"]
[Result "1-0"]
[WhiteElo "2694"]
[BlackElo "2542"]
[TimeControl "180+1"]
[EndTime "10:06:00 PST"]
[Termination "banhgiahuy2606 won by resignation"]

1. e4 c5 2. Nf3 d6 3. d4 cxd4 4. Nxd4 Nf6 5. Nc3 a6 6. Bg5 Nbd7 7. Qe2 e6 8. O-O-O b5 9. f4 Qc7 10. a3 Rb8 11. g4 h6 12. Bxf6 Nxf6 13. h4 b4 14.
axb4 Rxb4 15. Bg2 Bb7 16. g5 Nd7 17. g6 Qb6 18. gxf7+ Kxf7 19. Qh5+ g6 20. Qg4 Rxd4 21.
Bh3 Rxd1+ 22. Rxd1 Nc5 23. f5 exf5 24. exf5 d5 25.
fxg6+ Qxg6 26. Rf1+ Kg7 27. Qd4+ Kg8 28. Rg1 Qxg1+ 29.
Qxg1+ Kf7 30. Qf2+ Ke8 31. Qf6 Rg8 32. Qe5+ Be7 33.
Nxd5 Bxd5 34. Qxd5 Rg1+ 35. Kd2 Rg7 36. b4 Na4 37.
Bd7+ Kf8 38. Bxa4 Bxb4+ 39. c3 Be7 40. Bb3 Ke8 41. Qc6+ Kd8 42. Be6 Bxh4 43. Qxa6 Bg5+ 44. Kd3 h5 45. Qa8+ Ke7 46. Qe4 Kf6 47. Bh3 Kf7 48.
Qe6+ Kf8 49. c4 Bf6 50. c5 Rg3+ 51. Ke4 Be7 52. c6 Rg5 53. c7 1-0

[Event "Early-Titled-Tuesday-Blitz-February-06-2024"]
[Site "Chess.com"]
[Date "2024.02.06"]
[Round "11"]
[White "kingofthenil"]
[Black "pavet"]
[Result "1-0"]
[WhiteElo "2692"]
[BlackElo "2763"]
[TimeControl "180+1"]
[EndTime "10:06:01 PST"]
[Termination "kingofthenil won by checkmate"]

1. d4 Nf6 2. c4 g6 3. Nc3 d5 4. h4 dxc4 5. e4 c5 6. d5 Bg7 7. Bxc4 O-O 8. Nge2 h5 9. f3 Nbd7 10. O-O Ne5 11. b3 Nxc4 12. bxc4 e6 13. Rb1 exd5 14. cxd5 b6 15. Bg5 Qc7 16. d6 Qc6 17. e5 Nd7 18. Nd5 Kh8 19. f4 Bb7 20. Nec3 f6 21. Qd3 Kh7 22. f5 fxg5 23. fxg6+ Kh8 24. hxg5 Bxe5 25. Qh3 Bd4+ 26. Kh1 Kg7 27. Qxh5 Rh8 28. Rf7+ Kg8 29. Ne7# 1-0

[Event "Early-Titled-Tuesday-Blitz-February-06-2024"]
[Site "Chess.com"]
[Date "2024.02.06"]
[Round "11"]
[White "abelmat"]
[Black "PawnEatingZombie"]
[Result "0-1"]
[WhiteElo "2073"]
[BlackElo "2190"]
[TimeControl "180+1"]
[EndTime "10:06:01 PST"]
[Termination "PawnEatingZombie won by checkmate"]

1. d4 Nf6 2. c4 g6 3. Nc3 Bg7 4. e4 d6 5. f3 O-O 6. Be3 a6 7. Nge2 Nc6 8. Qd2 Na5 9. b3 b5 10.
cxb5 axb5 11. Nxb5 Nxb3 12. Qb2 Nxa1 13. Qxa1 c5 14.
Nec3 Ba6 15. Be2 Bxb5 16. Nxb5 Qa5+ 17. Kf2 cxd4 18. Nxd4 Qxa2 19. Qd1 Rfc8 20. Qd3 Ra3 21. Qb5 Rxe3 22. Kxe3 Qa3+ 23. Bd3 Bh6+ 24. Kf2 Qa2+ 25. Kg3 Nh5+ 26. Kg4 Qxg2+ 27. Kh4 g5+ 28. Kxh5 Qh3# 0-1

[Event "Early-Titled-Tuesday-Blitz-February-06-2024"]
[Site "Chess.com"]
[Date "2024.02.06"]
[Round "11"]
[White "Eagle_2019"]
[Black "azikom"]
[Result "1-0"]
[WhiteElo "2873"]
[BlackElo "2727"]
[TimeControl "180+1"]
[EndTime "10:06:02 PST"]
[Termination "Eagle_2019 won on time"]

1. c4 c6 2. Nc3 d5 3. d4 Nf6 4. Nf3 dxc4 5. e4 b5 6. Be2 e6 7.
O-O Bb7 8. a4 b4 9. e5 bxc3 10.
exf6 gxf6 11. bxc3 c5 12. Bxc4 Nd7 13. Re1 cxd4 14. cxd4 Bb4 15. Re3 O-O 16. Rb1 a5 17. Bd2 Bxd2 18. Nxd2 Bc6 19. Qh5 f5 20. Rh3 Nf6 21.
Qh6 Kh8 22. d5 Bxd5 23. Bxd5 exd5 24. Nf3 Rg8 25. Qf4 Qd7 26. Rb6 Ng4 27. Ng5 Rg7 28. Rb8+ 1-0

[Event "Early-Titled-Tuesday-Blitz-February-06-2024"]
[Site "Chess.com"]
[Date "2024.02.06"]
[Round "11"]
[White "karinachess1"]
[Black "unclear15"]
[Result "1/2-1/2"]
[WhiteElo "2647"]
[BlackElo "2450"]
[TimeControl "180+1"]
[EndTime "10:06:02 PST"]
[Termination "Game drawn by repetition"]

1. d4 Nf6 2. c4 e6 3. Nc3 Bb4 4. a3 Bxc3+ 5. bxc3 O-O 6. e3 b6 7. Bd3 Bb7 8. f3 c5 9. Ne2 Qc7 10. O-O d5 11. cxd5 exd5 12. Ng3 Ba6 13. Bxa6 Nxa6 14.
e4 cxd4 15. cxd4 Qd7 16. e5 Ne8 17. f4 f5 18. a4 Nec7 19. Ba3 Rf7 20. Qd3 Nb8 21.
Rfc1 Nc6 22. Qc3 Na5 23. Rf1 Nc4 24. Bc1 Ne6 25. Qd3 g6 26. Bd2 a6 27. Bc3 Rb8 28. Bb4 b5 29. axb5 Rxb5 30. Bc3 Qa7 31. Ne2 a5 32. Rfb1 Rfb7 33. Rxb5 Rxb5 34. Qc2 Qb6 35.
Qa4 Rb1+ 36. Rxb1 Qxb1+ 37. Kf2 Qe4 38. Bxa5 Qe3+ 39. Kf1 Nxf4 40. Qe8+ Kg7 41. Qe7+ Kg8 42. Qe8+ Kg7 43. Qe7+ Kg8 44. Qe8+ 1/2-1/2

[Event "Early-Titled-Tuesday-Blitz-February-06-2024"]
[Site "Chess.com"]
[Date "2024.02.06"]
[Round "11"]
[White "ChainedDowntohell"]
[Black "Ruchess27"]
[Result "1-0"]
[WhiteElo "2558"]
[BlackElo "2448"]
[TimeControl "180+1"]
[EndTime "10:06:05 PST"]
[Termination "ChainedDowntohell won on time"]

1. a3 d5 2. d4 Nf6 3. Bf4 e6 4. Nf3 Bd6 5. Bg3 Ne4 6. Bxd6 Qxd6 7. e3 O-O 8. c4 b6 9. Bd3 Bb7 10. Qc2 Nd7 11. Nc3 f5 12. cxd5 Nxc3 13. dxe6 Qxe6 14.
Qxc3 f4 15. e4 Kh8 16. O-O-O c5 17. d5 Qd6 18. e5 Qh6 19. Bc4 a6 20. e6 Nf6 21. d6 b5 22. e7 bxc4 23. exf8=Q+ Rxf8 24. d7 Rd8 25. Rhe1 Bc6 26. Ne5 f3+ 27. Kb1 1-0

[Event "Early-Titled-Tuesday-Blitz-February-06-2024"]
[Site "Chess.com"]
[Date "2024.02.06"]
[Round "11"]
[White "KuzubovYuriy"]
[Black "ulises2013"]
[Result "1-0"]
[WhiteElo "2904"]
[BlackElo "2730"]
[TimeControl "180+1"]
[EndTime "10:06:07 PST"]
[Termination "KuzubovYuriy won by resignation"]

1. Nf3 g6 2. d4 Bg7 3. Nbd2 c5 4. dxc5 Qa5 5. a3 Qxc5 6. b4 Qc7 7. Rb1 Nf6 8. Bb2 O-O 9. g3 a5 10. Bg2 axb4 11.
axb4 Nc6 12. O-O d6 13. b5 Na5 14. Nd4 Nc4 15. Nxc4 Qxc4 16. Qd3 Ra4 17. Ra1 Nd7 18. e3 Nc5 19. Qxc4 Rxc4 20. Ra7 Na4 21. Ba1 Nc5 22. Bd5 Ra4 23. Rxa4 Nxa4 24. Rb1 e6 25. Bf3 Nc5 26. Bc3 e5 27. Nb3 e4 28. Bxg7 Kxg7 29. Nxc5 exf3 30. Ne4 Rd8 31. Nd2 Bg4 32. h3 Bxh3 33. Nxf3 Bf5 34.
Nd4 Be4 35. f3 Bd5 36. Ra1 Rd7 37. e4 Bc4 38. Kf2 Re7 39. Ra7 Kf6 40. Ra8 Rd7 41.
Rc8 Be6 42. f4 d5 43. e5+ Ke7 44. Ke3 Bg4 45. b6 h5 46. Rc5 Kf8 47. Nb5 Kg7 48.
Rc7 Bf5 49. Nd6 Be6 50. Rxd7 Bxd7 51. Nxb7 Kf8 52. Nc5 Bc6 53. b7 1-0

[Event "Early-Titled-Tuesday-Blitz-February-06-2024"]
[Site "Chess.com"]
[Date "2024.02.06"]
[Round "11"]
[White "Drags95"]
[Black "ViralduS"]
[Result "1-0"]
[WhiteElo "2840"]
[BlackElo "2719"]
[TimeControl "180+1"]
[EndTime "10:06:08 PST"]
[Termination "Drags95 won by checkmate"]

1. d4 Nf6 2. c4 g6 3. Nc3 Bg7 4. e4 d6 5. Be2 Nc6 6. Nf3 O-O 7. d5 Ne5 8. Nxe5 dxe5 9. O-O e6 10. Be3 exd5 11.
cxd5 Ne8 12. Rc1 a6 13. b4 Nd6 14. a4 b6 15. a5 Bd7 16. Qc2 f5 17. f3 Bf6 18.
Qd2 Rf7 19. axb6 cxb6 20. Ra1 a5 21. bxa5 bxa5 22. Bd3 Rc8 23. Na4 Nc4 24. Bxc4 Rxc4 25. Nb6 Rb4 26. Rfb1 fxe4 27. Rxb4 exf3 28. Rxa5 Qe7 29.
Nxd7 Qxd7 30. Ra7 Qg4 31. Rb8+ Rf8 32. Rxf8+ Kxf8 33. Qf2 e4 34. d6 Bh4 35. g3 Bd8 36.
Qb2 Ke8 37. Qh8# 1-0

[Event "Early-Titled-Tuesday-Blitz-February-06-2024"]
[Site "Chess.com"]
[Date "2024.02.06"]
[Round "11"]
[White "mitrabhaa"]
[Black "dropstoneDP"]
[Result "1-0"]
[WhiteElo "2940"]
[BlackElo "3019"]
[TimeControl "180+1"]
[EndTime "10:06:10 PST"]
[Termination "mitrabhaa won by resignation"]

1. Nf3 d5 2. c4 d4 3. g3 Nc6 4. Bg2 e5 5. O-O e4 6. Ne1 h5 7. h4 g5 8. hxg5 h4 9. d3 hxg3 10. Bxe4 Bh3 11. Ng2 Bd6 12. f4 Nge7 13.
f5 Qd7 14. c5 Bxc5 15. Qb3 O-O-O 16. Qxf7 Rdf8 17. Qe6 Qxe6 18. fxe6 Rxf1+ 19. Kxf1 Bxe6 20. Nf4 Bf5 21. Nd2 Ne5 22. Kg2 Rh4 23. Nf3 Nxf3 24. exf3 Bxe4 25. dxe4 Bd6 26. Nh3 Ng6 27. Bd2 c5 28. Be1 Rh8 29. Bxg3 Nh4+ 30. Kf2 Nxf3 31. Bxd6 Rxh3 32. g6 Rh6 33. Kxf3 Rxg6 34. Bxc5 d3 35. Bd4 Rd6 36. Bc3 1-0

[Event "Early-Titled-Tuesday-Blitz-February-06-2024"]
[Site "Chess.com"]
[Date "2024.02.06"]
[Round "11"]
[White "LileKoridze"]
[Black "DarkAlekhine"]
[Result "0-1"]
[WhiteElo "2431"]
[BlackElo "2760"]
[TimeControl "180+1"]
[EndTime "10:06:10 PST"]
[Termination "DarkAlekhine won by resignation"]

1. d4 Nf6 2. c4 e6 3. Nf3 b6 4. g3 Ba6 5. b3 Bb4+ 6. Bd2 Be7 7.
Nc3 d5 8. cxd5 exd5 9. Bg2 O-O 10. O-O Re8 11. Re1 Bb7 12. Ne5 Nbd7 13. Bf4 Nf8 14. Rc1 Ne6 15. Be3 c5 16. Qd2 cxd4 17. Bxd4 Nxd4 18.
Qxd4 Bc5 19. Qf4 Bd6 20. Nb5 Bxe5 21. Qd2 Ne4 22. Qe3 Qd7 23. Nd4 Bf6 24. Rcd1 Rac8 25. Qf4 Bg5 26. Qf3 g6 27. e3 Bf6 28. Qf4 Be5 29. Qf3 Qe7 30. h4 h5 31. Bh3 Rcd8 32. Rc1 Bxd4 33. exd4 Bc8 34. Bg2 Bf5 35. Qd1 Qd6 36.
Re3 Rc8 37. Ra1 Nf6 38. Qd2 Rxe3 39. Qxe3 Re8 40. Qd2 Be4 41. Bh3 Ng4 42. Re1 Rc8 43. Qg5 Qb4 44. Rf1 Qxd4 45. Bxg4 hxg4 46. Qxg4 Rc2 47. Qf4 Kg7 48. Kh2 Qf6 49. Qe3 Qf3 50. Qd4+ Kh7 51. Rg1 Rxf2+ 0-1

[Event "Early-Titled-Tuesday-Blitz-February-06-2024"]
[Site "Chess.com"]
[Date "2024.02.06"]
[Round "11"]
[White "AA95"]
[Black "jcreyes69"]
[Result "1-0"]
[WhiteElo "2514"]
[BlackElo "2390"]
[TimeControl "180+1"]
[EndTime "10:06:10 PST"]
[Termination "AA95 won on time"]

1. Nf3 Nf6 2. g3 d5 3. Bg2 c5 4. O-O Nc6 5. d4 e6 6. c4 dxc4 7. dxc5 Qxd1 8. Rxd1 Bxc5 9. Nbd2 O-O 10. Nxc4 Nd5 11. e4 Nf6 12. Nfe5 Nxe5 13. Nxe5 b6 14. Rb1 Bb7 15. b4 Be7 16. Bg5 Rfd8 17. b5 h6 18.
Bxf6 Bxf6 19. Nd7 Bc3 20. Rbc1 Rac8 21. h4 Kh8 22. Bf3 Rc7 23. Rd3 Rdc8 24. Kg2 Kg8 25. e5 Bxf3+ 26. Kxf3 f6 27. exf6 gxf6 28. Re1 Kf7 29.
Rd6 Rc4 30. Rexe6 1-0

[Event "Early-Titled-Tuesday-Blitz-February-06-2024"]
[Site "Chess.com"]
[Date "2024.02.06"]
[Round "11"]
[White "EsmeraldasAnderson03"]
[Black "Chessdude1987"]
[Result "1-0"]
[WhiteElo "2406"]
[BlackElo "2286"]
[TimeControl "180+1"]
[EndTime "10:06:11 PST"]
[Termination "EsmeraldasAnderson03 won on time"]

1. d4 e6 2. c4 f5 3. g3 Nf6 4. Bg2 Bb4+ 5. Nd2 a5 6. Nf3 b6 7. O-O Bb7 8. a3 Be7 9. b3 O-O 10. Bb2 Ra7 11. Nb1 Ne4 12. Nc3 Nxc3 13. Bxc3 Bf6 14. b4 a4 15. b5 d6 16. Rc1 Nd7 17. e3 e5 18. Bb4 e4 19. Nd2 Re8 20. c5 dxc5 21. dxc5 Nxc5 22. Bxc5 bxc5 23. Rxc5 Qd6 24.
Qc2 Rd8 25. Nb1 Be5 26. Bh3 g6 27. Rc1 Ba8 28. Bf1 h5 29. Qc4+ Kg7 30. Nc3 Qe7 31.
Ne2 Bd6 32. Qd4+ Qf6 33. Rxf5 gxf5 34. Qxa7 h4 35. b6 hxg3 36. hxg3 Qe7 37. b7 Bxb7 38.
Qxb7 Bxa3 39. Rxc7 1-0

[Event "Early-Titled-Tuesday-Blitz-February-06-2024"]
[Site "Chess.com"]
[Date "2024.02.06"]
[Round "11"]
[White "annamaja"]
[Black "SpongeBob_03"]
[Result "1-0"]
[WhiteElo "2386"]
[BlackElo "2219"]
[TimeControl "180+1"]
[EndTime "10:06:11 PST"]
[Termination "annamaja won on time"]

1. e4 c5 2. Nf3 a6 3. c4 Nc6 4. d4 cxd4 5. Nxd4 e6 6. Nc3 Bb4 7. Be3 Nf6 8. Bd3 Qa5 9. Qc2 Ne5 10. O-O Nxd3 11. Qxd3 Bxc3 12. bxc3 Qc7 13. f4 Ng4 14. e5 Nxe3 15. Qxe3 Qxc4 16. f5 b5 17. fxe6 dxe6 18. Rxf7 Kxf7 19. Qf3+ Kg6 20. Qxa8 Qxc3 21. Qe4+ Kf7 22. Rf1+ Ke7 23. Nc6+ Ke8 24. Rd1 Bd7 25. Nb8 Bc8 26. Kh1 Qc7 27. Qa8 Rf8 28. Nc6 1-0

[Event "Early-Titled-Tuesday-Blitz-February-06-2024"]
[Site "Chess.com"]
[Date "2024.02.06"]
[Round "11"]
[White "DDTerziev04"]
[Black "bteillet"]
[Result "0-1"]
[WhiteElo "2281"]
[BlackElo "2167"]
[TimeControl "180+1"]
[EndTime "10:06:11 PST"]
[Termination "bteillet won on time"]

1. e4 d6 2. d4 Nf6 3. Nc3 g6 4.
Bc4 Bg7 5. Nf3 O-O 6. h3 Nxe4 7. Nxe4 d5 8. Bd3 dxe4 9. Bxe4 Nd7 10. c3 c5 11. Be3 cxd4 12. Nxd4 e5 13. Nb3 Nf6 14. Bf3 e4 15. Be2 Be6 16. O-O Nd5 17. Bd4 Qg5 18. Kh1 Nf4 19. Rg1 Rad8 20. Kh2 Be5 21. Kh1 Qh6 22. Bg4 f5 23. Bxe5 Rxd1 24. Raxd1 fxg4 25. Nd4 Bd5 26. Kh2 gxh3 27. g3 Ne6 28. Rgf1 e3 29. Bf4 Nxf4 30. fxe3 Ne2 31. Rxf8+ Qxf8 0-1

[Event "Early-Titled-Tuesday-Blitz-February-06-2024"]
[Site "Chess.com"]
[Date "2024.02.06"]
[Round "11"]
[White "cristiano78"]
[Black "Matols"]
[Result "0-1"]
[WhiteElo "2282"]
[BlackElo "2396"]
[TimeControl "180+1"]
[EndTime "10:06:12 PST"]
[Termination "Matols won on time"]

1. d4 d5 2. c4 e6 3. Nf3 Nf6 4. Nc3 a6 5. a4 dxc4 6. e4 c5 7.
Bxc4 cxd4 8. Nxd4 Bb4 9. e5 Nd5 10. Bxd5 Qxd5 11. O-O Qxe5 12. Re1 Qa5 13. Nb3 Qd8 14.
Qg4 Bxc3 15. bxc3 O-O 16. Bg5 f6 17. Bh6 Qc7 18. Rac1 e5 19. Qg3 Bf5 20. f4 Kh8 21.
fxe5 gxh6 22. Qf2 Bg6 23. exf6 Nc6 24. Nd4 Nxd4 25. cxd4 Qf7 26. Qe3 Qxf6 27. Qxh6 Qxd4+ 28. Kh1 Rae8 29. Rxe8 Rxe8 30. h3 Qe3 0-1

[Event "Early-Titled-Tuesday-Blitz-February-06-2024"]
[Site "Chess.com"]
[Date "2024.02.06"]
[Round "11"]
[White "Szparu"]
[Black "The_Machine04"]
[Result "0-1"]
[WhiteElo "2814"]
[BlackElo "2723"]
[TimeControl "180+1"]
[EndTime "10:06:13 PST"]
[Termination "The_Machine04 won by resignation"]

1. e4 d6 2. d4 Nf6 3. Nc3 e5 4.
dxe5 dxe5 5. Qxd8+ Kxd8 6. Bg5 Be6 7. O-O-O+ Nd7 8. f4 exf4 9. Nf3 h6 10. Bxf4 Ng4 11.
Bg3 Bc5 12. Nd5 c6 13. Nc7 Nf2 14. Nxe6+ fxe6 15. Bxf2 Bxf2 16. Ne5 Ke8 17. Rxd7 Be3+ 18. Rd2 Rd8 19. Bd3 Rf8 20. Re1 Bf4 21. Ng6 Bxd2+ 22.
Kxd2 Rf2+ 23. Re2 Rf1 24. a4 a5 25. b3 Kf7 26. Ne5+ Kf6 27. Ng4+ Ke7 28. Rf2 Rxf2+ 29.
Nxf2 Rf8 30. Ke3 Kd6 31. Be2 e5 32. Bg4 b6 33. Nd3 Rf1 34. h4 Rh1 35. h5 Ra1 36. Nb2 b5 37. Kd2 Ra2 38. Kc1 Ra1+ 39. Kd2 Ra2 40. Nd1 bxa4 41. bxa4 Rxa4 42. Bf3 Ra1 43. Ne3 Kc5 44. Nf5 a4 45. Nxg7 a3 46. Kc3 Rb1 0-1

[Event "Early-Titled-Tuesday-Blitz-February-06-2024"]
[Site "Chess.com"]
[Date "2024.02.06"]
[Round "11"]
[White "Doublekk14"]
[Black "NovakRatko"]
[Result "1-0"]
[WhiteElo "2313"]
[BlackElo "2396"]
[TimeControl "180+1"]
[EndTime "10:06:13 PST"]
[Termination "Doublekk14 won on time"]

1. c4 c6 2. e4 d5 3. exd5 cxd5 4. d4 Nf6 5. Nf3 Nc6 6. h3 e6 7. Nc3 Bb4 8. Bd3 dxc4 9. Bxc4 O-O 10. O-O a6 11. a3 Be7 12. Be3 b5 13. Bd3 Bb7 14.
Ne5 Nxe5 15. dxe5 Nd5 16. Be4 Nxe3 17. fxe3 Bxe4 18. Nxe4 Qb6 19. Qf3 Rad8 20. Rad1 Bc5 21. Rxd8 Rxd8 22. Qxf7+ Kh8 23. Kh1 h6 24. Nf6 Rf8 25.
Qg6 gxf6 26. Qxh6+ Kg8 27. Qg6+ Kh8 28. Rf4 1-0

[Event "Early-Titled-Tuesday-Blitz-February-06-2024"]
[Site "Chess.com"]
[Date "2024.02.06"]
[Round "11"]
[White "TV27"]
[Black "GMCorinnaKopff"]
[Result "1-0"]
[WhiteElo "2181"]
[BlackElo "2348"]
[TimeControl "180+1"]
[EndTime "10:06:13 PST"]
[Termination "TV27 won by resignation"]

1. Nf3 Nf6 2. g3 g6 3. Bg2 Bg7 4. O-O O-O 5. c3 d5 6. Qc2 c5 7. d3 Nc6 8. e4 b6 9. Nbd2 Bb7 10.
Re1 Rc8 11. Nf1 Re8 12. h4 e5 13. N1h2 b5 14. Bg5 d4 15. Ng4 Qd6 16. Nh6+ Kf8 17. Bh3 Rc7 18. a4 a6 19. axb5 axb5 20. c4 Nb4 21.
Qb3 Bc6 22. Nxe5 Rxe5 23. Bf4 Ne8 24. cxb5 Bxb5 25. Ra8 Bxd3 26. Qa4 Rce7 27. Ng4 h5 28. Nxe5 Bxe5 29. Bg5 Nc2 30. Rd1 c4 31. Bxe7+ Qxe7 32. Bd7 Kg7 33. Bxe8 Qf6 34. Ra7 Qf3 35. Rxf7+ Qxf7 36.
Bxf7 Bxe4 37. Bxc4 Bf6 38. Bd3 Bxd3 39. Rxd3 Ne1 40. Ra3 d3 41. Qd1 d2 42. Qxd2 1-0

[Event "Early-Titled-Tuesday-Blitz-February-06-2024"]
[Site "Chess.com"]
[Date "2024.02.06"]
[Round "11"]
[White "RobertJFischer71"]
[Black "Flawless_Fighter"]
[Result "0-1"]
[WhiteElo "2569"]
[BlackElo "2726"]
[TimeControl "180+1"]
[EndTime "10:06:16 PST"]
[Termination "Flawless_Fighter won by resignation"]

1. e4 c5 2. Nf3 d6 3. d4 cxd4 4. Nxd4 Nf6 5. Nc3 a6 6. h3 e5 7. Nb3 Be6 8. f4 Qc7 9. f5 Bc4 10. Bg5 Nbd7 11. Qd2 Be7 12. O-O-O b5 13. Bxf6 Nxf6 14.
Qe3 Rc8 15. Bxc4 Qxc4 16. a3 O-O 17. Qd3 Rfd8 18. Rhe1 h5 19. Qxc4 Rxc4 20. Nd5 Nxd5 21. Rxd5 Rdc8 22. Re2 g6 23. g4 hxg4 24. hxg4 Kg7 25.
c3 Rh8 26. Kc2 Rh4 27. Nd2 Rc8 28. Rg2 Rc6 29. g5 gxf5 30. exf5 Bd8 31. g6 Rf4 32. gxf7+ Kxf7 33. Rg6 Be7 34. Rh6 Rf2 35. Kd3 Rxd2+ 36. Kxd2 Bg5+ 37. Kd3 Bxh6 38. b3 Kf6 0-1

[Event "Early-Titled-Tuesday-Blitz-February-06-2024"]
[Site "Chess.com"]
[Date "2024.02.06"]
[Round "11"]
[White "Keeper0416"]
[Black "GrumbleBruno"]
[Result "1-0"]
[WhiteElo "2567"]
[BlackElo "2465"]
[TimeControl "180+1"]
[EndTime "10:06:16 PST"]
[Termination "Keeper0416 won on time"]

1. a3 e5 2. e4 Nc6 3. Nf3 g6 4. Nc3 Bg7 5. Bc4 Nge7 6. h4 h6 7. d3 d6 8. h5 g5 9. Bxg5 hxg5 10. Nxg5 d5 11. exd5 Na5 12. Ba2 Nf5 13. Nge4 b6 14.
g4 Nd6 15. g5 Nab7 16. h6 Nxe4 17. Nxe4 Nd6 18. Qf3 Bf8 19. Nf6+ Ke7 20. O-O-O Bf5 21. Rhe1 Bxh6 22. Rxe5+ Kf8 23. Rxf5 Nxf5 24. Qxf5 Bg7 25. Nd7+ Kg8 26. d6 Qe8 27. g6 Bh6+ 28. Kb1 1-0

[Event "Early-Titled-Tuesday-Blitz-February-06-2024"]
[Site "Chess.com"]
[Date "2024.02.06"]
[Round "11"]
[White "javirec"]
[Black "Qingdom"]
[Result "1-0"]
[WhiteElo "2289"]
[BlackElo "2122"]
[TimeControl "180+1"]
[EndTime "10:06:16 PST"]
[Termination "javirec won by checkmate"]

1. e4 c5 2. c3 Nf6 3. e5 Nd5 4. Bc4 Nb6 5. Bb3 c4 6. Bc2 Nc6 7. Nf3 d6 8. exd6 e5 9. O-O Bxd6 10. b3 O-O 11. bxc4 Nxc4 12. Qe2 Nb6 13. h3 f5 14.
d4 e4 15. Bb3+ Kh8 16. Ng5 Qf6 17. Qh5 h6 18. Nf7+ Rxf7 19. Qxf7 Qxf7 20. Bxf7 g5 21. Ba3 Bc7 22. Nd2 Kg7 23. Bb3 Bd7 24. Bc5 Bf4 25.
Nc4 Nxc4 26. Bxc4 b6 27. Ba3 Na5 28. Bb3 Nxb3 29. axb3 Rc8 30. c4 a5 31. Bb2 Kf7 32.
d5 Bd2 33. Rfd1 Bb4 34. Rdc1 Bc5 35. Ba3 Bd4 36. Rab1 f4 37. Bb2 Bc5 38. Rd1 Bf5 39. Bd4 e3 40. Rb2 exf2+ 41. Bxf2 Re8 42. Bxc5 bxc5 43.
Kf2 Re3 44. Re1 Rc3 45. d6 Be6 46. Rd1 Ke8 47. d7+ Bxd7 48. Re2+ Kd8 49. Red2 Rxb3 50.
Rxd7+ Kc8 51. Rd8+ Kb7 52. R8d7+ Kb8 53. R7d6 Rb2+ 54.
Kf3 Rb3+ 55. Kg4 Rg3+ 56. Kf5 Rxg2 57. Rxh6 f3 58. Rh7 f2 59. Rd8# 1-0

[Event "Early-Titled-Tuesday-Blitz-February-06-2024"]
[Site "Chess.com"]
[Date "2024.02.06"]
[Round "11"]
[White "ValentunHulka"]
[Black "Fandorine"]
[Result "0-1"]
[WhiteElo "2810"]
[BlackElo "2960"]
[TimeControl "180+1"]
[EndTime "10:06:17 PST"]
[Termination "Fandorine won by checkmate"]

1. d4 Nf6 2. c4 e6 3. Nf3 d5 4. g3 Be7 5. Bg2 O-O 6. Qc2 c6 7.
O-O a5 8. Nbd2 b6 9. b3 Ba6 10.
Rd1 Nbd7 11. e4 Rc8 12. Bb2 c5 13. exd5 exd5 14. dxc5 Nxc5 15. Rac1 Qc7 16. Qb1 Rfd8 17. Nd4 g6 18. cxd5 Nxd5 19. Ne4 Nb4 20. a3 Nbd3 21. Nxc5 bxc5 22. Nc6 Nxc1 23. Rxd8+ Rxd8 24. Qxc1 Rd6 25. Nxe7+ Qxe7 26. Bf3 Rd3 27. Qh6 f6 28. Bc6 Rd6 29.
Bf3 Qe1+ 30. Kg2 Qf1# 0-1

[Event "Early-Titled-Tuesday-Blitz-February-06-2024"]
[Site "Chess.com"]
[Date "2024.02.06"]
[Round "11"]
[White "the_blue_pill"]
[Black "marsofsilva"]
[Result "1-0"]
[WhiteElo "2287"]
[BlackElo "2064"]
[TimeControl "180+1"]
[EndTime "10:06:17 PST"]
[Termination "the_blue_pill won by resignation"]

1. b3 d5 2. Bb2 c5 3. e3 Nf6 4. Nf3 e6 5. Ne5 a6 6. d3 Bd6 7. f4 O-O 8. Nd2 Nc6 9. Nxc6 bxc6 10. g3 Rb8 11. Bg2 Re8 12. Nf3 c4 13. dxc4 Ne4 14. cxd5 Bb4+ 15. Kf1 cxd5 16. Ne5 Qb6 17. Bxe4 dxe4 18.
Nc4 Qc6 19. Kg2 a5 20. a3 Bc5 21. Nxa5 Qc7 22. b4 Bxe3 23. Be5 Qb6 24. Bxb8 Qxb8 25. Qe2 Bd4 26. Rad1 e5 27. Nc6 Qb6 28. Nxe5 Ba6 29.
c4 Bxe5 30. fxe5 Rxe5 31. c5 Bxe2 32. cxb6 Bxd1 33. Rxd1 Re8 34. b7 e3 35. Re1 g6 36.
Rxe3 Rb8 37. Re7 Kf8 38. Rc7 Ke8 39. a4 Kd8 40. Rxf7 1-0

[Event "Early-Titled-Tuesday-Blitz-February-06-2024"]
[Site "Chess.com"]
[Date "2024.02.06"]
[Round "11"]
[White "Irishchessman16"]
[Black "margarita_2703"]
[Result "1-0"]
[WhiteElo "2491"]
[BlackElo "2350"]
[TimeControl "180+1"]
[EndTime "10:06:19 PST"]
[Termination "Irishchessman16 won by resignation"]

1. d4 d5 2. Bf4 Nf6 3. e3 Bf5 4. c4 e6 5. Qb3 Nc6 6. c5 Rb8 7. Nc3 a6 8. Nf3 h6 9. Qa4 Nd7 10. O-O-O g5 11. Bg3 Bg7 12. h4 g4 13. Nd2 O-O 14.
h5 Qc8 15. Nb3 Nd8 16. Qa5 c6 17. Bxb8 Qxb8 18. Bd3 Bxd3 19. Rxd3 f5 20. g3 Nf6 21.
Qb4 Nf7 22. Na5 Ne4 23. Nxe4 fxe4 24. Rb3 Nd8 25. Rf1 Rf7 26. Qb6 Qc8 27. Qa7 Qc7 28.
Qb6 Qe7 29. a3 Qf8 30. Kb1 Bf6 31. Ka2 Bg5 32. Qb4 Rxf2 33. Rxf2 Qxf2 34. Nxb7 Qxg3 35. Nxd8 Bxd8 36. Qb7 Qc7 37. Qxa6 g3 38. Rb7 g2 39.
Rxc7 Bxc7 40. Qc8+ Kf7 41. Qxc7+ Kf6 42. Qf4+ 1-0

[Event "Early-Titled-Tuesday-Blitz-February-06-2024"]
[Site "Chess.com"]
[Date "2024.02.06"]
[Round "11"]
[White "Actuary44"]
[Black "agvania123"]
[Result "1/2-1/2"]
[WhiteElo "2472"]
[BlackElo "2348"]
[TimeControl "180+1"]
[EndTime "10:06:20 PST"]
[Termination "Game drawn - insufficient material"]

1. e4 d5 2. exd5 Qxd5 3. Nc3 Qd8 4. Bc4 Nf6 5. d4 a6 6. a4 Nc6 7. d5 Nb4 8. Bg5 Bf5 9. Bb3 h6 10. Bh4 c6 11. dxc6 Qxd1+ 12. Rxd1 Nxc6 13. Nge2 e6 14. O-O Bc5 15. Ng3 Bg6 16. Bxf6 gxf6 17. Nge4 Be7 18.
Rd2 Rd8 19. Rfd1 Bxe4 20. Nxe4 f5 21. Ng3 Rxd2 22. Rxd2 Bg5 23. Rd1 Ke7 24. Kf1 Rd8 25. Rxd8 Nxd8 26. Ne2 Nc6 27. f4 Bf6 28. c3 Na5 29. Ba2 b5 30. axb5 axb5 31. Kf2 Kd6 32. Ke3 Nc6 33. Kd3 b4 34. Kc4 bxc3 35. bxc3 Ne7 36.
Kb5 Nd5 37. Bxd5 Kxd5 38. c4+ Ke4 39. c5 Kd3 40. c6 Bd8 41. Nc1+ Ke3 42. Ka6 Kxf4 43.
Kb7 Ke5 44. c7 Bxc7 45. Kxc7 f4 46. Kd7 f3 47. gxf3 Kf4 48. Ke7 Kxf3 49. Kxf7 Kg2 50. Kxe6 Kxh2 51. Kf5 h5 52. Kg5 h4 53. Kxh4 1/2-1/2

[Event "Early-Titled-Tuesday-Blitz-February-06-2024"]
[Site "Chess.com"]
[Date "2024.02.06"]
[Round "11"]
[White "Ind1anStar"]
[Black "ural58"]
[Result "1-0"]
[WhiteElo "2592"]
[BlackElo "2474"]
[TimeControl "180+1"]
[EndTime "10:06:22 PST"]
[Termination "Ind1anStar won by resignation"]

1. c4 e5 2. g3 Nf6 3. Bg2 d5 4. cxd5 Nxd5 5. Nc3 Nb6 6. d3 Be7 7. Nf3 Nc6 8. O-O O-O 9. Bd2 Bg4 10. Rc1 Qd7 11.
Ne4 Bh3 12. a3 Bxg2 13. Kxg2 a5 14. Nc5 Bxc5 15. Rxc5 Rfe8 16. b4 axb4 17. axb4 Na4 18. Rc1 Nd4 19. Nxd4 exd4 20. e3 dxe3 21. Bxe3 Nb2 22.
Qf3 Nxd3 23. Rcd1 Rad8 24. Qxb7 Qe7 25. b5 Ne5 26. b6 Rxd1 27. Rxd1 Ng4 28. Rd3 Qb4 29.
Qc6 Nxe3+ 30. Rxe3 Rxe3 31. bxc7 Re6 32. c8=Q+ Qf8 33.
Qc5 Re8 34. Qxf8+ Rxf8 35. Qd7 h6 36. h4 Ra8 37. h5 Rf8 38. g4 Ra8 39. Kg3 Ra3+ 40.
f3 Ra8 41. f4 Ra3+ 42. Kh4 Ra8 43. g5 hxg5+ 44. fxg5 Rb8 45. g6 fxg6 46. hxg6 Rb4+ 47. Kg5 Rb8 48. Qe6+ Kh8 49. Qh3+ Kg8 50. Qh7+ 1-0